 Dungeon Crawl Stone Soup version 0.28-a0-1356-g2ad6d04315 (webtiles) character file.

Game seed: 12951253845462899086

219560 ragingrage the Severer (level 18, -8/174 (176) HPs)
             Began as a Palentonga Fighter on Dec 30, 2021.
             Was the Champion of Okawaru.
             Mangled by a wolf spider (10 damage)
             ... on level 3 of the Spider Nest.
             The game lasted 00:45:53 (30015 turns).

ragingrage the Severer (Palentonga Fighter)        Turns: 30015, Time: 00:45:54

HP:   -8/174 (176)  AC: 36    Str: 29    XL:     18   Next: 45%
MP:   1/22          EV:  4    Int: 15    God:    Okawaru [******]
Gold: 1891          SH:  0    Dex: 16    Spells: 17/17 levels left

rFire   + . .      SeeInvis +   b - +6 war axe "Vomnoyfi" {venom, Int+5}
rCold   + + .      Faith    .   N - +0 tower shield
rNeg    . . .      Spirit   .   z - +4 ring mail {rF+}
rPois   +          Reflect  +   E - +0 hat {SInv}
rElec   +          Harm     .   c - +1 cloak
rCorr   +          Rampage  .   S - +1 pair of gloves {infuse}
Will    +....                   Q - +5 barding of Duty {+Inv Str+5 Dex+4 Stlth-}
Stlth   ..........              L - amulet "Abrirom" {Reflect +Inv rPois Regen+ rCorr SH+5}
HPRegen 1.19/turn               P - ring "Toxtah" {rElec rPois rC+}
MPRegen 0.18/turn               G - +4 ring of slaying

@: about to teleport, spiked, held, studying Long Blades, lightly drained,
curled up
A: large, rugged brown scales 3, see invisible, deformed body, roll 1, armoured
tail, reflexive curl, iridescent scales 1, cold resistance 1, robust 1,
screaming 1
}: 1/15 runes: serpentine
a: Rolling Charge, Renounce Religion, Evoke Invisibility, Heroism, Finesse, Duel


You were on level 3 of the Spider Nest.
You worshipped Okawaru.
Okawaru was exalted by your worship.
You visited 5 branches of the dungeon, and saw 29 of its levels.
You also visited: Bailey and Gauntlet.

You collected 2411 gold pieces.
You spent 520 gold pieces at shops.

Inventory:

Hand Weapons
 a - a +7 broad axe of freezing
 b - the +6 war axe "Vomnoyfi" (weapon) {venom, Int+5}
   (You found it on level 1 of the Spider Nest)

   It poisons the flesh of those it strikes.
   Int:       It affects your intelligence (+5).
 B - a +2 antimagic broad axe
 W - a +0 war axe of flaming
Missiles
 f - 22 poisoned darts (quivered)
 D - a curare-tipped dart
 F - 7 silver javelins
 H - 12 javelins
Armour
 c - a +1 cloak (worn)
 z - a +4 ring mail of fire resistance (worn)
 E - a +0 hat of see invisible (worn)
 N - a +0 tower shield (worn)
 Q - the +5 barding of Duty (worn) {+Inv Str+5 Dex+4 Stlth-}
   (Okawaru gifted it to you in a Gauntlet)

   Str:       It affects your strength (+5).
   Dex:       It affects your dexterity (+4).
   +Inv:      It lets you turn invisible.
   Stlth:     It makes you less stealthy.
 S - a +1 pair of gloves of infusion (worn)
Jewellery
 k - a ring of positive energy
 G - a +4 ring of slaying (right hand)
 L - the amulet "Abrirom" (around neck) {Reflect +Inv rPois Regen+ rCorr SH+5}
   (You acquired it on level 10 of the Dungeon)

   [amulet of reflection]

   It reflects blocked missile attacks.
   rPois:     It protects you from poison.
   +Inv:      It lets you turn invisible.
   Regen:     It increases your rate of health regeneration.
   rCorr:     It protects you from acid and corrosion.
   SH:        It affects your SH (+5).
 P - the ring "Toxtah" (left hand) {rElec rPois rC+}
   (You took it off a minotaur in a Gauntlet)

   [ring of protection from cold]

   rC:        It protects you from cold.
   rElec:     It insulates you from electricity.
   rPois:     It protects you from poison.
 U - a ring of flight
 V - a +4 ring of evasion
 X - a ring of protection from fire
Wands
 g - a wand of paralysis (32)
 l - a wand of polymorph (10)
 y - a wand of digging (13)
 C - a wand of iceblast (15)
 Y - a wand of flame (30)
 Z - a wand of mindburst (9)
Scrolls
 d - 2 scrolls of magic mapping
 e - 7 scrolls of teleportation
 h - 3 scrolls of enchant armour
 m - 5 scrolls of amnesia
 p - 4 scrolls of fear
 q - 2 scrolls of enchant weapon
 r - 21 scrolls of identify
 w - 2 scrolls of fog
 x - a scroll of blinking
 O - a scroll of brand weapon
Potions
 j - 4 potions of lignification
 n - 4 potions of mutation
 o - 9 potions of brilliance
 s - a potion of magic
 t - 11 potions of curing
 u - 4 potions of might
 v - 10 potions of haste
 A - 4 potions of flight
 I - 2 potions of resistance
 J - 2 potions of heal wounds
 K - 5 potions of invisibility
 M - 3 potions of cancellation
 R - a potion of berserk rage
Miscellaneous
 i - a condenser vane
 T - a tin of tremorstones (2/2)


   Skills:
 + Level 16.2 Fighting
 - Level 18.0 Axes
 - Level 10.1 Armour
 - Level 5.0 Dodging
 + Level 7.8 Shields
 + Level 6.0 Invocations
 - Level 15.0 Evocations


You had 17 spell levels left.
You didn't know any spells.
Your spell library contained the following spells:

 Spells                   Type           Power      Damage    Failure   Level
 Apportation              Tloc           0%         N/A       86%         1
 Magic Dart               Conj           0%         1d3       86%         1
 Pain                     Necr           0%         1d4       86%         1
 Sting                    Tmut/Pois      0%         1d3       86%         1
 Ensorcelled Hibernation  Hex/Ice        0%         N/A       95%         2
 Poisonous Vapours        Pois/Air       0%         N/A       95%         2
 Conjure Flame            Conj/Fire      0%         6-21      99%         3
 Ignite Poison            Fire/Tmut/Pois 0%         N/A       99%         3
 Inner Flame              Hex/Fire       0%         N/A       99%         3
 Mephitic Cloud           Conj/Pois/Air  0%         N/A       99%         3
 Ozocubu's Armour         Ice            0%         N/A       99%         3
 Cause Fear               Hex            0%         N/A       100%        4
 Flame Wave               Conj/Fire      0%         2d4       100%        4
 Hailstorm                Conj/Ice       0%         3d3       100%        4
 Ice Form                 Ice/Tmut       0%         N/A       100%        4
 Olgreb's Toxic Radiance  Pois           0%         N/A       100%        4
 Passage of Golubria      Tloc           0%         N/A       100%        4
 Sticky Flame             Conj/Fire      0%         2d3       100%        4
 Agony                    Necr           0%         N/A       100%        5
 Excruciating Wounds      Necr           0%         N/A       100%        5
 Silence                  Hex/Air        0%         N/A       100%        5
 Yara's Violent Unravell  Hex/Tmut       0%         3d3       100%        5
 Dispersal                Tloc           0%         N/A       100%        6
 Enfeeble                 Hex            0%         N/A       100%        7
 Ozocubu's Refrigeration  Ice            0%         4d5       100%        7
 Discord                  Hex            0%         N/A       100%        8
 Disjunction              Tloc           0%         N/A       100%        8
 Fire Storm               Conj/Fire      0%         5d1       100%        9
 Animate Skeleton         Necr           Unusable   N/A       N/A         1
 Summon Small Mammal      Summ           Unusable   N/A       N/A         1
 Call Imp                 Summ           Unusable   N/A       N/A         2
 Tukima's Dance           Hex            Unusable   N/A       N/A         3
 Animate Armour           Summ/Erth      Unusable   N/A       N/A         4
 Summon Mana Viper        Hex/Summ       Unusable   N/A       N/A         5
 Simulacrum               Ice/Necr       Unusable   N/A       N/A         6

Dungeon Overview and Level Annotations

Branches:
Dungeon (15/15)            Temple (0/1) D:5            Lair (6/6) D:9
  Snake (4/4) Lair:3       Spider (3/4) Lair:3        Slime (0/5) Lair:6
    Orc (1/2) D:10         Vaults (0/5) D:14         Depths (0/4) D:15
 Bailey (visited)         Gauntlet (visited)

Altars:
Cheibriados
Elyvilon
Hepliaklqana
Makhleb
Okawaru
Ru
Trog
Wu Jian

Shops:
D:2 [:[*(   Snake:1 *   Snake:2 (

Portals:
Hell: Lair:6

Annotations:
D:2 1 runed translucent door, exclusion: downstairs, Crazy Yiuf
D:3 3 runed translucent doors, hgbash's ghost, amateur DjFE
Spider:1 2 transporters, JamesMcGaha's ghost, journeyman GrGl


Innate Abilities, Weirdness & Mutations

You are completely covered in rugged brown scales. (AC +3, +7% HP)
You have supernaturally acute eyesight. (SInv)
Armour fits poorly on your strangely shaped body.
You can roll at nearby foes to attack.
You have a long armoured tail.
You curl defensively after being hit. (AC +7*)
You are partially covered in iridescent scales. (AC +2)
Your flesh is cold resistant. (rC+)
You are robust. (+10% HP)
You occasionally shout uncontrollably at your foes.


Message History

You block the jumping spider's attack.
A spark wasp comes into view.
You block the wolf spider's attack.
The wolf spider bites you but does no damage.
The redback bites you!
* * * LOW HITPOINT WARNING * * *
The demonic crawler hits you but does no damage.
The demonic crawler completely misses you.
You block the demonic crawler's attack.
The jumping spider pounces on you but does no damage.
The jumping spider barely misses you.
The wolf spider hits you but does no damage.
The wolf spider bites you but does no damage.
The redback bites you but does no damage.
The demonic crawler hits you.
* * * LOW HITPOINT WARNING * * *
You block the demonic crawler's attack. The demonic crawler barely misses you.
You slice the wolf spider!!
The wolf spider looks as sick as possible!
The wolf spider is heavily wounded.
You slice the redback!! You slash the jumping spider!
The jumping spider looks as sick as possible!
Your attack snaps the jumping spider out of its fear.
You hit the demonic crawler but do no damage.
Cornered, the meliai turns to fight!
The jumping spider pounces on you!
* * * LOW HITPOINT WARNING * * *
You are caught in a web!
The jumping spider bites you but does no damage.
The wolf spider hits you but does no damage.
The wolf spider bites you but does no damage.
The redback bites you!
* * * LOW HITPOINT WARNING * * *
The meliai mumbles some strange prayers to its god against you.
Something smites you!
* * * LOW HITPOINT WARNING * * *
The jumping spider pounces on you but does no damage.
The jumping spider bites you but does no damage.
The demonic crawler hits you but does no damage. x3
The wolf spider hits you!
You die...

.^ ... y# ^#.
... ## .. # .^.
.. ..#. .#
..... .#.#..#
#.#. .....^#
..# ... ....#
H....#s#s.^#..#
.^...ss@†....y#
..)..^s.^#....#
s...##y...# ..#
#.. ......# # .
....#....
##.......##
.......##
...#.....


You could see a jorogumo (fleeing, very poisoned), a spark wasp, a demonic
crawler, a wolf spider (extremely poisoned), 2 jumping spiders, 2 redbacks and 2
meliai.

Vanquished Creatures
  Mlioglotl (Snake:2)
  Gastronok (D:10)
  Donald (Spider:1)
  A nagaraja (Snake:4)
  An emperor scorpion (Spider:1)
  An entropy weaver (Spider:2)
  A minotaur (Gauntlet)
  13 naga warriors
  6 boulder beetles
  A hell beast (Gauntlet)
  5 salamander tyrants
  10 hydras
  3 centaur warriors
  A catoblepas (D:13)
  9 anacondas
  A radroach (Spider:2)
  9 death yaks
  A death knight (D:15)
  2 tengu warriors (D:14)
  6 two-headed ogres
  A vampire mage (D:15)
  10 naga sharpshooters
  Urug (Lair:6)
  12 shock serpents
  A sun demon (Lair:6)
  A titan skeleton (D:15)
  2 pharaoh ants
  3 skeletal warriors
  4 salamander mystics
  A sun moth (Spider:1)
  An iron troll (D:14)
  4 steelbarb worms
  3 naga ritualists
  3 orb spiders
  7 lindwurms
  A phantasmal warrior (D:15)
  2 wizards
  14 mana vipers
  A necromancer (D:15)
  3 cyclopes
  15 ugly things
  10 wolf spiders
  A stone giant zombie (D:15)
  11 salamanders
  A manticore (D:15)
  13 elephants
  45 black mambas
  9 naga magi
  8 guardian serpents
  2 torpor snails (Spider:1)
  5 orange demons (Lair:6)
  A cane toad (shapeshifter) (Gauntlet)
  17 cane toads
  An efreet (D:13)
  2 gargoyles
  A smoke demon (Lair:6)
  A spriggan zombie (D:15)
  7 rime drakes
  3 kobold demonologists (D:12)
  2 demonic crawlers
  13 komodo dragons
  4 yaktaurs (D:15)
  A freezing wraith (D:14)
  3 tengu conjurers
  A red devil (Lair:6)
  7 meliai
  A troll (D:12)
  6 polar bears
  3 slime creatures (D:12)
  13 blink frogs
  A hornet (shapeshifter) (D:14)
  13 tarantellas
  A dream sheep (shapeshifter) (Gauntlet)
  A jumping spider (shapeshifter) (Gauntlet)
  Sigmund (D:2)
  20 jumping spiders
  12 culicivoras
  2 wraiths
  A ynoxinul (Gauntlet)
  A spriggan skeleton (D:15)
  64 yaks
  3 basilisks
  2 wyverns
  3 steam dragons
  Eustachio (D:5)
  24 redbacks
  9 vampire mosquitoes
  28 nagas
  A warg (D:10)
  2 acid dragons
  4 hell hounds
  Duvessa (D:5)
  19 water moccasins
  A hornet zombie (D:7)
  A swamp drake (D:10)
  8 orc warriors
  A black bear (shapeshifter) (D:14)
  3 black bears
  17 wolves
  2 necrophages
  3 ogres
  9 centaurs
  A phantom (D:6)
  2 kobold brigands
  Blork the orc (D:5)
  A scorpion (D:6)
  19 bullfrogs
  Dowan (D:5)
  A water moccasin skeleton (D:5)
  12 killer bees (D:8)
  6 howler monkeys
  2 bullfrog zombies
  3 centaur zombies
  2 centaur skeletons
  3 hounds
  7 orc priests
  3 iron imps (Gauntlet)
  Jessica (D:2)
  Natasha (D:4)
  3 iguanas (D:6)
  16 orc wizards
  A killer bee zombie (D:6)
  A hound skeleton (D:4)
  10 gnolls (Bailey)
  7 adders
  2 shadow imps
  An ufetubus (D:4)
  A worm (D:1)
  2 dart slugs
  63 orcs
  9 ball pythons
  4 bats
  3 endoplasms (D:1)
  A giant cockroach (D:2)
  3 goblins
  6 hobgoblins
  12 kobolds
  3 quokkas
  4 frilled lizards
  2 rats
835 creatures vanquished.

Vanquished Creatures (others)
  An orc wizard (D:8)
  An orc (D:8)
  A kobold (D:10)
  44 fungi
  48 plants
  3 withered plants (D:15)
98 creatures vanquished.

Grand Total: 933 creatures vanquished

Notes
Turn   | Place    | Note
-------+----------+-------------------------------------------
     0 | D:1      | ragingrage the Palentonga Fighter began the quest for the
                  | Orb.
     0 | D:1      | Reached XP level 1. HP: 19/19 MP: 1/1
   125 | D:1      | Reached XP level 2. HP: 18/25 MP: 2/2
   474 | D:1      | Reached skill level 3 in Axes
   923 | D:1      | Found a faded altar of an unknown god.
  1045 | D:2      | Noticed Jessica
  1218 | D:2      | Found Enlaink's Antique Armour Emporium.
  1231 | D:2      | Reached XP level 3. HP: 30/31 MP: 3/3
  1304 | D:2      | Found Zopen's Armour Shoppe.
  1312 | D:2      | Found Zaejadgh's Book Shop.
  1348 | D:2      | Found a runed translucent door.
  1349 | D:2      | Noticed Crazy Yiuf
  1383 | D:2      | Found Wapp's General Store.
  1388 | D:2      | Noticed Sigmund
  1402 | D:2      | Killed Sigmund
  1403 | D:2      | Reached skill level 5 in Axes
  1403 | D:2      | Reached XP level 4. HP: 28/37 MP: 4/4
  1403 | D:2      | Reached XP level 5. HP: 33/43 MP: 5/5
  1476 | D:2      | Bought a scroll of identify for 28 gold pieces
  1500 | D:2      | Killed Jessica
  1501 | D:2      | Reached skill level 6 in Axes
  1626 | D:2      | Found Icwuf's Antique Weapon Boutique.
  1842 | D:3      | Noticed an ogre
  2134 | D:3      | Reached XP level 6. HP: 37/50 MP: 6/6
  2327 | D:3      | Identified the +7 short sword of Okawaru's Indignation
                  | {vorpal, Fly Will+}
  2473 | D:3      | Found a runed translucent gate.
  2474 | D:3      | Found a runed translucent gate.
  2475 | D:3      | Noticed hgbash's ghost (amateur DjFE)
  2476 | D:3      | Found a runed translucent gate.
  2590 | D:4      | Found an iron altar of Okawaru.
  2590 | D:4      | Found a hazy altar of Hepliaklqana.
  2590 | D:4      | Found a bloodstained altar of Trog.
  2828 | D:4      | Became a worshipper of Warmaster Okawaru
  3066 | D:4      | Reached skill level 7 in Axes
  3133 | D:4      | Found a white marble altar of Elyvilon.
  3425 | D:4      | Gained mutation: You curl defensively after being hit. (AC
                  | +7*) [Palentonga growth]
  3425 | D:4      | Reached XP level 7. HP: 53/55 MP: 7/7
  3453 | D:4      | Noticed Natasha
  3619 | D:4      | Killed Natasha
  3742 | D:5      | Entered Level 5 of the Dungeon
  3745 | D:5      | You fall into a shaft and drop 1 floor!
  3748 | D:6      | Reached skill level 8 in Axes
  3885 | D:6      | Reached * piety under Okawaru
  4000 | D:6      | Reached skill level 9 in Axes
  4127 | D:5      | Noticed Eustachio
  4339 | D:5      | Reached XP level 8. HP: 61/62 MP: 8/8
  4609 | D:5      | Noticed Blork the orc
  4616 | D:5      | Killed Blork the orc
  4617 | D:5      | Reached skill level 10 in Axes
  4666 | D:5      | Found a staircase to the Ecumenical Temple.
  4834 | D:5      | Killed Eustachio
  4834 | D:5      | Reached ** piety under Okawaru
  5043 | D:5      | Noticed Dowan
  5044 | D:5      | Noticed Duvessa
  5053 | D:5      | Killed Duvessa
  5054 | D:5      | Killed Dowan
  5182 | D:6      | Reached skill level 11 in Axes
  5194 | D:6      | Noticed a two-headed ogre
  5390 | D:6      | Killed a two-headed ogre
  5390 | D:6      | Reached *** piety under Okawaru
  5391 | D:6      | Reached skill level 12 in Axes
  5391 | D:6      | Reached XP level 9. HP: 51/67 MP: 9/9
  5870 | D:7      | Noticed a gargoyle
  5875 | D:7      | Killed a gargoyle
  6043 | D:7      | Reached skill level 13 in Axes
  6250 | D:7      | Found a snail-covered altar of Cheibriados.
  6494 | D:7      | Found a sacrificial altar of Ru.
  6650 | D:7      | Reached **** piety under Okawaru
  7068 | D:8      | Reached skill level 14 in Axes
  7308 | D:8      | Reached skill level 1 in Invocations
  7321 | D:8      | Gained mutation: You are partially covered in iridescent
                  | scales. (AC +2) [potion of mutation]
  7321 | D:8      | Gained mutation: You occasionally shout uncontrollably at
                  | your foes. [potion of mutation]
  7321 | D:8      | Gained mutation: You are robust. (+10% HP) [potion of
                  | mutation]
  7321 | D:8      | Gained mutation: Your flesh is cold resistant. (rC+)
                  | [potion of mutation]
  7337 | D:8      | Reached XP level 10. HP: 81/81 MP: 10/10
  7342 | D:8      | Reached skill level 1 in Dodging
  8069 | D:9      | Noticed a two-headed ogre
  8083 | D:9      | Killed a two-headed ogre
  8083 | D:9      | Received a gift from Okawaru
  8508 | D:9      | Found a staircase to the Lair.
  8596 | D:9      | Reached ***** piety under Okawaru
  8703 | D:9      | Noticed a two-headed ogre
  8713 | D:9      | Killed a two-headed ogre
  8894 | D:9      | Received a gift from Okawaru
  8910 | D:9      | Reached skill level 5 in Fighting
  9281 | D:10     | Entered Level 10 of the Dungeon
  9626 | D:10     | Identified the +2 barding of the Skies Above {Fly rN+
                  | rCorr} (Okawaru gifted it to you on level 10 of the
                  | Dungeon)
  9626 | D:10     | Received a gift from Okawaru
  9674 | D:10     | Reached XP level 11. HP: 93/93 MP: 14/14
  9685 | D:10     | Found a flagged portal.
  9695 | Bailey   | Entered a bailey
  9985 | D:10     | Acquired the amulet "Abrirom" {Reflect +Inv rPois Regen+
                  | rCorr SH+5}
 10207 | D:10     | Found an ornate altar of the Wu Jian Council.
 10307 | D:10     | Found a staircase to the Orcish Mines.
 10344 | D:10     | Noticed Gastronok
 10378 | D:10     | Killed Gastronok
 10379 | D:10     | Reached skill level 5 in Invocations
 10432 | D:10     | Reached skill level 5 in Armour
 10566 | D:11     | Reached skill level 5 in Shields
 10574 | D:11     | Noticed a two-headed ogre
 10593 | D:11     | Killed a two-headed ogre
 10594 | D:11     | Reached skill level 5 in Dodging
 10627 | D:11     | Found a gate leading to a gauntlet.
 10639 | Gauntlet | Entered a Gauntlet
 10639 | Gauntlet | Found a transporter.
 10639 | Gauntlet | Found a runed translucent gate.
 10639 | Gauntlet | Found a transporter.
 10641 | Gauntlet | Found a runed translucent gate.
 10652 | Gauntlet | Found a transporter.
 10672 | Gauntlet | Found a transporter.
 10672 | Gauntlet | Found a transporter.
 10675 | Gauntlet | Found a transporter.
 10675 | Gauntlet | Found a transporter.
 10687 | Gauntlet | Noticed a green death
 10689 | Gauntlet | Found a transporter.
 10707 | Gauntlet | Found a transporter.
 10716 | Gauntlet | Found a transporter.
 10716 | Gauntlet | Noticed a hell beast
 10716 | Gauntlet | Noticed a death drake
 10720 | Gauntlet | Found a runed translucent door.
 10734 | Gauntlet | Found a transporter.
 10745 | Gauntlet | Found a transporter.
 10752 | Gauntlet | Found a transporter.
 10767 | Gauntlet | Found a transporter.
 10784 | Gauntlet | Found a runed translucent gate.
 10848 | Gauntlet | Noticed a fire crab
 10855 | Gauntlet | a fire crab changed into a dream sheep
 11015 | Gauntlet | Killed a hell beast
 11069 | Gauntlet | Identified the +1 scale mail of Shielding {Rampage rPois
                  | rC+ Stlth+}
 11069 | Gauntlet | Identified the ring "Toxtah" {rElec rPois rC+}
 11069 | Gauntlet | Noticed a minotaur
 11085 | Gauntlet | Killed a minotaur
 11085 | Gauntlet | Identified the +5 barding of Duty {+Inv Str+5 Dex+4 Stlth-}
                  | (Okawaru gifted it to you in a Gauntlet)
 11085 | Gauntlet | Received a gift from Okawaru
 11097 | Gauntlet | Got the Catalogue of Supportive Ignition
 11247 | D:11     | Reached XP level 12. HP: 109/109 MP: 15/15
 11340 | D:11     | Got the Compendium of Igneous Flight
 11351 | D:11     | Noticed a boulder beetle
 11370 | D:11     | Killed a boulder beetle
 12150 | D:13     | Noticed a centaur warrior
 12154 | D:13     | Killed a centaur warrior
 12175 | D:13     | Noticed a five-headed hydra
 12181 | D:13     | Killed a three-headed hydra
 12182 | D:13     | Reached skill level 15 in Axes
 12220 | D:13     | Reached skill level 10 in Fighting
 12311 | D:13     | Noticed a catoblepas
 12339 | D:13     | Killed a catoblepas
 12373 | D:13     | Noticed a centaur warrior
 12375 | D:13     | Noticed a two-headed ogre
 12378 | D:13     | Killed a two-headed ogre
 12394 | D:13     | Killed a centaur warrior
 12734 | D:13     | Reached skill level 1 in Evocations
 12898 | Lair:1   | Entered Level 1 of the Lair of Beasts
 12923 | Lair:1   | Received a gift from Okawaru
 12926 | Lair:1   | Reached skill level 16 in Axes
 13118 | Lair:1   | Noticed a six-headed hydra
 13129 | Lair:1   | Killed a one-headed hydra
 13305 | Lair:1   | Reached XP level 13. HP: 120/120 MP: 16/16
 13312 | Lair:1   | Reached ****** piety under Okawaru
 13448 | Lair:1   | Reached skill level 5 in Evocations
 13860 | Lair:2   | Identified the +9 lajatang of Xesobusy {vorpal, rElec rPois
                  | Dex-5} (Okawaru gifted it to you on level 2 of the Lair of
                  | Beasts)
 13860 | Lair:2   | Received a gift from Okawaru
 14618 | Lair:3   | Reached skill level 17 in Axes
 14811 | Lair:3   | Found a staircase to the Snake Pit.
 15015 | Lair:3   | Found a hole to the Spider Nest.
 15761 | Lair:4   | Received a gift from Okawaru
 15780 | Lair:4   | Reached XP level 14. HP: 72/128 MP: 17/17
 15785 | Lair:4   | Reached skill level 18 in Axes
 16510 | Lair:5   | Received a gift from Okawaru
 16655 | Lair:5   | Reached skill level 10 in Evocations
 17099 | Lair:6   | Entered Level 6 of the Lair of Beasts
 17471 | Lair:6   | Noticed Urug
 17479 | Lair:6   | Killed Urug
 17682 | Lair:6   | Found a staircase to the Slime Pits.
 18448 | Lair:6   | Identified the +1 ring mail of Courage {Harm Fly rC- rN+}
                  | (Okawaru gifted it to you on level 6 of the Lair of Beasts)
 18448 | Lair:6   | Received a gift from Okawaru
 18540 | Lair:6   | Found a burning altar of Makhleb.
 18834 | Lair:6   | Found a gateway to Hell.
 19380 | Orc:1    | Entered Level 1 of the Orcish Mines
 19382 | Orc:1    | Noticed an orc warlord
 19587 | D:14     | Reached XP level 15. HP: 124/138 MP: 15/18
 20416 | D:14     | Found a gate to the Vaults.
 20482 | D:15     | Entered Level 15 of the Dungeon
 20529 | D:15     | Identified the +7 dagger "Hoegir" {venom, *Noise Fly rPois}
                  | (Okawaru gifted it to you on level 15 of the Dungeon)
 20529 | D:15     | Received a gift from Okawaru
 20662 | D:15     | Found a staircase to the Depths.
 21286 | D:15     | Identified the +4 hand axe of Breach {vorpal, rF++ Str+2}
                  | (Okawaru gifted it to you on level 15 of the Dungeon)
 21286 | D:15     | Received a gift from Okawaru
 21864 | Snake:1  | Entered Level 1 of the Snake Pit
 22129 | Snake:1  | Found Atepp's Assorted Antiques.
 22153 | Snake:1  | Bought a glowing cloak for 157 gold pieces
 22175 | Snake:1  | Bought a scroll of identify for 42 gold pieces
 22175 | Snake:1  | Bought a scroll of fear for 73 gold pieces
 22175 | Snake:1  | Bought a scroll of blinking for 157 gold pieces
 22175 | Snake:1  | Bought a potion of curing for 63 gold pieces
 22757 | Snake:1  | Received a gift from Okawaru
 23039 | Snake:1  | Reached XP level 16. HP: 146/150 MP: 15/19
 23657 | Snake:2  | Identified the +7 war axe "Zatsud" {chaos, rCorr SInv}
                  | (Okawaru gifted it to you on level 2 of the Snake Pit)
 23657 | Snake:2  | Received a gift from Okawaru
 23723 | Snake:2  | Found Kusummeo's Weapon Boutique.
 23791 | Snake:2  | Noticed Mlioglotl
 23802 | Snake:2  | Killed Mlioglotl
 23936 | Snake:2  | You fall into a shaft and drop 1 floor!
 24543 | Snake:3  | Identified the +0 barding of Instinct {*Slow rF+ Regen+
                  | Str+2} (Okawaru gifted it to you on level 3 of the Snake
                  | Pit)
 24543 | Snake:3  | Received a gift from Okawaru
 24548 | Snake:3  | Acquired a +2 antimagic broad axe
 25140 | Snake:3  | Reached skill level 10 in Armour
 25140 | Snake:3  | Reached XP level 17. HP: 162/162 MP: 20/20
 25148 | Snake:4  | Entered Level 4 of the Snake Pit
 26442 | Arena    | Entered the Arena
 26850 | Snake:4  | Reached skill level 15 in Evocations
 26853 | Snake:4  | Reached skill level 15 in Fighting
 27021 | Snake:4  | Reached XP level 18. HP: 173/174 MP: 1/21
 27033 | Snake:4  | Received a gift from Okawaru
 27226 | Snake:4  | Got a serpentine rune of Zot
 27472 | Spider:1 | Entered Level 1 of the Spider Nest
 27492 | Spider:1 | Noticed Donald
 27630 | Spider:1 | Killed Donald
 27875 | Spider:1 | Identified the +1 barding "Obutuf" {Regen+ rCorr Int+3
                  | Dex+4} (Okawaru gifted it to you on level 1 of the Spider
                  | Nest)
 27875 | Spider:1 | Received a gift from Okawaru
 28173 | Spider:1 | Identified the +6 war axe "Vomnoyfi" {venom, Int+5}
 28258 | Spider:1 | Found a transporter.
 28261 | Spider:1 | Found a transporter.
 28261 | Spider:1 | Noticed JamesMcGaha's ghost (journeyman GrGl)
 30008 | Spider:3 | Paralysed by a jorogumo for 3 turns
 30015 | Spider:3 | HP: 2/174 [meliai/divine providence (12)]
 30015 | Spider:3 | Mangled by a wolf spider

Illustrated notes

Levels and vault maps discovered:
D:1:      giann_forest_graveyard, layout_loops_ring,
          shapermc_ecumenical_altar_hornbeckon
D:2:      layout_rooms, serial_shops, shop_statue, shop_fountains, shop, shop,
          shop, uniq_crazy_yiuf_cottage, uniq_jessica, uniq_sigmund
D:3:      layout_basic, gammafunk_ghost_nasty_kobolds, serial_bayou_crossing
D:4:      layout_rooms, elyvilon_altar_5,
          chequers_temple_overflow_statue_of_worship, kennysheep_dice,
          uniq_natasha
D:5:      layout_loops_cross, minmay_temple_entry_enclosed_plants,
          nicolae_figureground_sparkle, uniq_eustachio, uniq_blork_the_orc,
          uniq_duvessa
D:6:      layout_loops_ring, nicolae_overflow_hidden_temple, minivault_26
D:7:      layout_loops_corners, mainiacjoe_overflow_catwalk_spiral
D:8:      layout_loops_ring, minmay_manual_mess
D:9:      layout_gridville, dpeg_oklobed_lair
D:10:     layout_small_grid, nicolae_wu_jian_glorious_leap, erik_orc_1,
          enter_bailey_2, grunt_ministairs_13, minmay_misc_feat_chi,
          uniq_gastronok
D:11:     layout_cave_pools, gauntlet_entry_generic
D:12:     statuecave_lemuel, layout_rooms, nrook_mini_backslash,
          hangedman_abyss_or_decor_lesser_grid
D:13:     layout_basic
D:14:     layout_stronghold, david_vaults_4
D:15:     gammafunk_depths_entry_grave, layout_basic, st_stairs_7
Lair:1:   layout_regular_city, cheibrodos_lair_lostbears
Lair:2:   layout_chaotic_city
Lair:3:   layout_roguey, minmay_snake_entry_six_corridors,
          nicolae_spider_entry_tight_spaces
Lair:4:   layout_small_grid
Lair:5:   layout_regular_city
Lair:6:   evil_forest, layout_cave_pods, slime_dummy, grunt_megastairs_3,
          infiniplex_staircase_pool_2, uniq_urug
Snake:1:  kennysheep_snake, layout_basic, serial_shops, shop_fountains
Snake:2:  layout_misc_corridors, serial_shops, shop_fountains, uniq_mlioglotl
Snake:3:  layout_misc_corridors, special_room
Snake:4:  snake_pit_salamanders_mu, layout_cave_town, serial_bayou_shore_b
Spider:1: layout_spider_delve, gammafunk_ghost_mausoleum, uniq_donald
Spider:2: layout_chambers
Spider:3: layout_spider_delve, beargit_elvish_explorers
Orc:1:    layout_caves, serial_shops, shop, chequers_guarded_unrand_ignorance

Skill      XL: |  1  2  3  4  5  6  7  8  9 10 11 12 13 14 15 16 17 18 |
---------------+-------------------------------------------------------+-----
Axes           | 3 5 6 7 9 12 14 16 17 18 | 18.0
Invocations    | 1 4 5 6 |  6.0
Dodging        | 3 5 |  5.0
Armour         | 4 5 6 8 10 | 10.1
Shields        | 4 5 7 |  7.8
Fighting       | 5 8 10 11 12 14 15 16 | 16.2
Evocations     | 4 8 11 13 14 15 | 15.0

Action                   |  1- 3 |  4- 6 |  7- 9 | 10-12 | 13-15 | 16-18 || total
-------------------------+-------+-------+-------+-------+-------+-------++-------
Melee: War axe           |    71 |    99 |    74 |    11 |    41 |    66 ||   362
       Tailslap          |     9 |    14 |    53 |   114 |   186 |    90 ||   466
       Hand axe          |       |       |   282 |   529 |       |       ||   811
       Broad axe         |       |       |       |   194 |   768 |   428 ||  1390
Throw: Dart              |       |       |    13 |    12 |     4 |     6 ||    35
       Javelin           |       |       |       |     3 |       |       ||     3
Invok: Heroism           |       |       |     5 |    10 |     1 |       ||    16
       Finesse           |       |       |       |     1 |     2 |     6 ||     9
       Duel              |       |       |       |       |       |     1 ||     1
 Abil: Rolling Charge    |     9 |    17 |    26 |    33 |    56 |    67 ||   208
Evoke: Wand              |       |       |     4 |       |       |       ||     4
  Use: Potion            |     2 |       |     5 |     2 |       |     7 ||    16
       Scroll            |       |     8 |     1 |     2 |     5 |    13 ||    29
 Stab: Paralysed         |       |       |     4 |       |       |       ||     4
Armor: Scale mail        |    22 |    40 |   115 |       |       |       ||   177
       Ring mail         |       |       |    91 |   281 |   407 |   372 ||  1151
       Skin              |       |       |     1 |    50 |       |       ||    51
Dodge: Dodged            |    28 |    21 |    68 |   159 |   171 |   116 ||   563
Block: Buckler           |    15 |    25 |    58 |   127 |       |       ||   225
       Kite shield       |       |       |       |   114 |   503 |   132 ||   749
       Reflection        |       |       |       |    11 |    21 |    23 ||    55
       Tower shield      |       |       |       |       |       |   295 ||   295

Table legend: (Time is in decaauts)
 A = Elapsed time spent in this place.
 B = Non-inter-level travel time spent in this place.
 C = Inter-level travel time spent in this place.
 D = Time resting spent in this place.
 E = Time spent auto-exploring this place.
 F = Levels seen in this place.
 G = Mean time per level.
                   A        B        C        D        E       F      G
               +--------+--------+--------+--------+--------+-----+--------+
         Total |  29615 |  28015 |   1600 |   3203 |  19445 |  32 |  925.5 |
       Dungeon |  14361 |  13466 |    895 |   1508 |   9332 |  15 |  957.4 |
          Lair |   6584 |   6250 |    334 |    365 |   4855 |   6 | 1097.3 |
     Snake Pit |   5508 |   5252 |    256 |    790 |   3548 |   4 | 1377.0 |
   Spider Nest |   2397 |   2283 |    114 |    530 |   1405 |   3 |  799.0 |
  Orcish Mines |      5 |      5 |      0 |      0 |      0 |   1 |    5.0 |
        Bailey |    272 |    272 |      0 |      0 |    156 |   1 |  272.0 |
      Gauntlet |    465 |    465 |      0 |      0 |    148 |   1 |  465.0 |
         Arena |     19 |     19 |      0 |     10 |      0 |   1 |   19.0 |
               +--------+--------+--------+--------+--------+-----+--------+

Top non-repeatable levels by time:
 Snake:4: 2223 daAuts
  Lair:6: 2105 daAuts
 Snake:1: 1763 daAuts
Spider:2: 1443 daAuts
     D:9: 1270 daAuts
     D:1: 1234 daAuts
  Lair:3: 1168 daAuts
     D:6: 1168 daAuts
     D:7: 1160 daAuts
    D:15: 1128 daAuts
     D:3: 1072 daAuts
    D:14: 1030 daAuts
    D:10: 1014 daAuts
Spider:1: 930 daAuts
  Lair:4: 903 daAuts
